 Dungeon Crawl Stone Soup version 0.30-a0-972-gf3ab3527aa (webtiles) character file.

Game seed: 14438534480822138374

816 123456 the Digger (level 7, -3/54 HPs)
             Began as a Gargoyle Earth Elementalist on Mar 31, 2023.
             Slain by a killer bee (5 damage)
             ... on level 5 of the Dungeon.
             The game lasted 00:05:47 (4862 turns).

123456 the Digger (Gargoyle Earth Elementalist)     Turns: 4862, Time: 00:05:48

Health: -3/54      AC: 23    Str: 11    XL:     7   Next: 94%
Magic:  9/13       EV:  2    Int: 18    God:
Gold:   305        SH:  0    Dex: 10    Spells: 11/15 levels left

rFire   . . .      SeeInvis .    q - +0 rapier
rCold   . . .      Faith    .    (no shield)
rNeg    + . .      Spirit   .    a - melded +0 robe
rPois   ∞          Reflect  .    (helmet currently unavailable)
rElec   .          Rampage  .    (cloak currently unavailable)
rCorr   .          NoTele   +    n - melded +0 pair of gloves
Will    +....                    (boots currently unavailable)
Stlth   ++                       (no amulet)
HPRegen 0.29/turn                r - ring of willpower
MPRegen 0.13/turn                (no ring)

@: mighty, tree-form, studying Conjurations
A: stationary, stasis, torment immunity, boosted hp, sickness immunity, AC +4,
negative energy resistance 1, (electricity resistance), torment resistance 1,
petrification resistance
a: no special abilities


You were on level 5 of the Dungeon.
You were a tree.
You visited 1 branch of the dungeon, and saw 5 of its levels.

You collected 305 gold pieces.

Inventory:

Hand Weapons
 q - a +0 rapier (weapon)
Missiles
 b - a throwing net
Armour
 a - a +0 robe (melded)
 n - a +0 pair of gloves (melded)
Jewellery
 r - a ring of willpower (left branch)
Scrolls
 d - 2 scrolls of identify {unknown}
 g - a scroll of brand weapon {unknown}
 h - 2 scrolls of fear {unknown}
 i - 2 scrolls of blinking
 j - a scroll of immolation {unknown}
 l - 3 scrolls of teleportation
 p - a scroll of magic mapping {unknown}
Potions
 c - a potion of mutation {unknown}
 e - a potion of might
 f - a potion of attraction {unknown}
 k - a potion of degeneration {unknown}
 m - a potion of lignification
 o - a potion of cancellation {unknown}
 s - 2 potions of curing {unknown}


   Skills:
 + Level 3.1 Dodging
 + Level 4.4 Stealth
 * Level 4.6 Spellcasting
 + Level 3.8 Conjurations
 - Level 0.7 Transmutations
 * Level 6.6 Earth Magic


You had 11 spell levels left.
You knew the following spells:

 Your Spells              Type           Power      Damage    Failure   Level
a - Sandblast             Erth           56%        2d13      1%          1
b - Stone Arrow           Conj/Erth      46%        3d9       4%          3

Your spell library contained the following spells:

 Spells                   Type           Power      Damage    Failure   Level
 Passwall                 Tmut/Erth      14%        N/A       4%          2
 Dazzling Flash           Conj/Hex       22%        N/A       19%         3
 Petrify                  Tmut/Erth      17%        N/A       30%         4
 Agony                    Necr           4%         N/A       98%         5
 Silence                  Hex/Air        2%         N/A       98%         5


Dungeon Overview and Level Annotations

Branches:
Dungeon (5/15)
 Temple: D:4-7

Altars:

Annotations:
D:4 1 runed translucent door, MathMan16's ghost, amateur DsRe
D:5 Blork the orc


Innate Abilities, Weirdness & Mutations

You are a tree.
Your roots penetrate the ground, keeping you stationary.
You cannot be teleported.
You are immune to unholy pain and torment.
Your maximum health is greatly increased.
Your equipment is partially melded.
You are immune to sickness and miasma.
((Your stone body is resilient. (AC +4)))
You are immune to poison.
You resist negative energy. (rN+)
((You are resistant to electric shocks. (rElec)))
You are resistant to unholy torment.
You are immune to petrification.


Message History

The killer bee buzzes angrily.
The killer bee stings you. x2
The killer bee stings you but does no damage. x3
The killer bee stings you. The killer bee closely misses you.
The killer bee stings you but does no damage.
The blast of sand hits the killer bee!
You kill the killer bee!
The killer bee stings you but does no damage.
The killer bee stings you. The killer bee misses you.
The killer bee stings you but does no damage.
The killer bee barely misses you. The killer bee closely misses you.
The blast of sand hits the killer bee!
The killer bee is severely wounded.
The killer bee misses you.
The killer bee stings you but does no damage.
The killer bee barely misses you.
The killer bee stings you but does no damage.
Blork the orc comes into view.
He is wielding a +0 trident of venom.
The killer bee stings you but does no damage. x2
The killer bee stings you. x3
* * * LOW HITPOINT WARNING * * *
The killer bee misses you.
The killer bee attacks as you move away!
The killer bee stings you.
* * * LOW HITPOINT WARNING * * *
The killer bee stings you.
* * * LOW HITPOINT WARNING * * *
The killer bee attacks as you move away!
The killer bee barely misses you. The killer bee misses you.
It was a potion of might.
You feel very mighty all of a sudden. The killer bee closely misses you.
The killer bee completely misses you. The killer bee closely misses you.
The killer bee stings you but does no damage.
It was a potion of lignification.
You turn into a tree.
Your +0 pair of gloves melds into your body.
Your +0 robe melds into your body.
Your roots penetrate the ground.
The killer bee stings you but does no damage. x2
The killer bee stings you.
You die...

#..........##.....
#..........##.....
#..........##.....
#...............#
#...............##
#>................
#.#.........##.###
#.#.....)...##.#..
#♣#.........##.#.#
#yy........###.#.#
#5########.###....
#.########.#...).#
#..†...... +.....#
#.....†########
#.....# #.....o.
#...).# #......#
######.....#
.o.....#
...........#


You could see Blork the orc (wandering), 2 killer bees and a white imp.

Vanquished Creatures
  A black bear (D:4)
  A phantom (D:5)
  A gnoll sergeant (D:4)
  A water moccasin zombie (D:5)
  A water moccasin skeleton (D:5)
  3 killer bees (D:5)
  A bullfrog zombie (D:5)
  A hound (D:4)
  An orc priest (D:4)
  A sleepcap (D:4)
  An orc wizard (D:4)
  A hound zombie (D:5)
  A howler monkey zombie (D:5)
  4 gnolls
  4 adders
  An ufetubus (D:4)
  3 worms (D:2)
  A dart slug (D:1)
  6 orcs
  9 bats
  9 endoplasms
  3 giant cockroaches (D:2)
  12 hobgoblins
  4 jackals (D:4)
  3 quokkas
  6 ball pythons
  5 frilled lizards
  3 goblins (D:2)
  12 kobolds
  2 rats
102 creatures vanquished.

Vanquished Creatures (others)
  2 withered plants (D:4)
2 creatures vanquished.

Grand Total: 104 creatures vanquished

Notes
Turn   | Place    | Note
-------+----------+-------------------------------------------
     0 | D:1      | 123456 the Gargoyle Earth Elementalist began the quest for
                  | the Orb.
     0 | D:1      | Reached XP level 1. HP: 10/10 MP: 3/3
   223 | D:1      | Reached XP level 2. HP: 15/15 MP: 0/5
   332 | D:1      | Reached skill level 4 in Earth Magic
   711 | D:1      | Reached XP level 3. HP: 19/19 MP: 4/6
   715 | D:1      | Learned a level 3 spell: Stone Arrow
  1324 | D:2      | Reached XP level 4. HP: 14/24 MP: 1/8
  2061 | D:2      | Found a faded altar of an unknown god.
  3462 | D:4      | Reached XP level 5. HP: 28/28 MP: 6/9
  3572 | D:4      | Reached skill level 5 in Earth Magic
  3578 | D:4      | Reached skill level 1 in Conjurations
  3692 | D:4      | Reached XP level 6. HP: 32/32 MP: 3/11
  3772 | D:4      | Found a runed translucent door.
  3772 | D:4      | Noticed MathMan16's ghost (amateur DsRe)
  3952 | D:4      | Noticed a black bear
  3957 | D:4      | Killed a black bear
  4311 | D:5      | Entered Level 5 of the Dungeon
  4334 | D:4      | Reached XP level 7. HP: 26/36 MP: 2/13
  4614 | D:5      | Reached skill level 6 in Earth Magic
  4856 | D:5      | Noticed Blork the orc
  4859 | D:5      | HP: 1/36 [killer bee (2)]
  4862 | D:5      | Slain by a killer bee

Illustrated notes

Levels and vault maps discovered:
D:1:      dpeg_arrival_tiny_c, layout_rooms, dreamdust_princess_bridge,
          kennysheep_small_spiral, hangedman_decor_riveting, minmay_tromino_v4_c
D:2:      minmay_recursive_quarters, layout_loops_corners,
          ebering_ecumenical_altar_abandoned, dreamdust_princess_corridor
D:3:      layout_loops_ring
D:4:      layout_loops_ring, gammafunk_ghost_grave, minmay_manual_monstrance
D:5:      layout_basic, serial_undead, serial_undead_d, serial_undead_d,
          serial_undead_e, serial_undead_d, serial_shops,
          nicolae_shop_waterfront, chequers_serial_rivers_micro_c,
          uniq_blork_the_orc

Skill      XL: |  1  2  3  4  5  6  7 |
---------------+----------------------+-----
Earth Magic    | 4 5 6 |  6.6
Dodging        | 2 3 |  3.1
Stealth        | 3 4 |  4.4
Spellcasting   | 3 4 |  4.6
Conjurations   | 1 2 3 |  3.8
Transmutations | |  0.7

Action                     |  1- 3 |  4- 6 |  7- 9 || total
---------------------------+-------+-------+-------++-------
  Melee: Unarmed           |     5 |       |       ||     5
         Short sword       |     4 |     2 |       ||     6
         Staff             |       |     6 |       ||     6
         Rapier            |       |     4 |     1 ||     5
         Punch             |       |     1 |       ||     1
   Cast: Sandblast         |    51 |    80 |    34 ||   165
         Stone Arrow       |       |     9 |     1 ||    10
    Use: Scroll            |       |     2 |       ||     2
         Potion            |       |     1 |     2 ||     3
   Stab: Sleeping          |       |     1 |       ||     1
 Armour: Robe              |     8 |    24 |    32 ||    64
         Skin              |       |       |     2 ||     2
  Dodge: Dodged            |    28 |    49 |    37 ||   114

Table legend: (Time is in decaauts)
 A = Elapsed time spent in this place.
 B = Non-inter-level travel time spent in this place.
 C = Inter-level travel time spent in this place.
 D = Time resting spent in this place.
 E = Time spent auto-exploring this place.
 F = Levels seen in this place.
 G = Mean time per level.
                   A        B        C        D        E       F      G
               +--------+--------+--------+--------+--------+-----+--------+
         Total |   4944 |   4752 |    192 |    459 |   3647 |   5 |  988.8 |
       Dungeon |   4944 |   4752 |    192 |    459 |   3647 |   5 |  988.8 |
               +--------+--------+--------+--------+--------+-----+--------+

Top non-repeatable levels by time:
     D:2: 1613 daAuts
     D:4: 1197 daAuts
     D:1: 929 daAuts
     D:3: 822 daAuts
     D:5: 382 daAuts
